 Dungeon Sprint DCSS version 0.27-a0-819-g058290f16d (webtiles) character file.

Game seed: 5305669106833629020

9 rocky1 the Shield-Bearer (level 2, -2/25 HPs)
             Began as a Djinni Fighter on Mar 30, 2021.
             Was a Believer of Makhleb.
             Slain by a water moccasin (7 damage)
             ... in the Dungeon (Sprint VII: "The Pits").
             The game lasted 00:00:50 (108 turns).

rocky1 the Shield-Bearer (Djinni Fighter)            Turns: 108, Time: 00:00:51

Health: -2/25      AC:  6    Str: 15    XL:     2   Next: 12%
Gold:   0          EV:  6    Int:  9    God:    Makhleb [**....] SH:  9 Dex: 12

rFire    + + .     SeeInvis .   a - +0 long sword
rCold    x . .     Faith    .   c - +0 kite shield
rNeg     . . .     Spirit   .   b - +0 scale mail
rPois    ∞         Reflect  .   (no helmet)
rElec    .         Harm     .   (no cloak)
rCorr    .         Rampage  .   (no gloves)
Will     .....     NoTele   +   (boots unavailable)
Stlth    ..........             (no amulet)
HPRegen  0.08/turn              (no ring)
MPRegen  0.00/turn              (no ring)

@: flying
A: fire resistance 2, cold vulnerability 1, float, innate caster, hp casting,
extra vitality 1
a: Renounce Religion, Minor Destruction


You were in the Dungeon.
You worshipped Makhleb.
Makhleb was pleased with you.
You visited 1 branch

Inventory:

Hand Weapons
 a - a +0 long sword (weapon)
Armour
 b - a +0 scale mail (worn)
 c - a +0 kite shield (worn)
Scrolls
 i - a scroll of blinking
 k - a scroll of summoning
Potions
 d - a potion of might
 e - a potion of curing
 f - a potion of heal wounds
 g - a potion of haste
 h - 3 potions of berserk rage
 j - 2 potions of invisibility


   Skills:
 - Level 3.0 Fighting
 * Level 3.5 Long Blades
 - Level 3.0 Armour
 + Level 3.8 Shields


You had one spell level left.
You didn't know any spells.
Your spell library was empty.

Dungeon Overview and Level Annotations

Branches:
Dungeon (1/1)

Altars:
Ashenzari
Cheibriados
Dithmenos
Elyvilon
Fedhas
Gozag
Hepliaklqana
Kikubaaqudgha
Makhleb
Nemelex Xobeh
Okawaru
Qazlal
Ru
Sif Muna
Trog
Uskayaw
Vehumet
Wu Jian
Xom
Yredelemnul
Zin
The Shining One
Beogh
Jiyva
Lugonu


Innate Abilities, Weirdness & Mutations

You are immune to poison.
Your flesh is very heat resistant. (rF++)
You are vulnerable to cold. (rC-)
You float through the air rather than walking.
You learn spells naturally, not from books.
Your magical power is your life essence.
You have superior vitality. (+4 HP)


Message History

No target in view!
You reach down and open the door.
A rat and a skeleton come into view.
The rat moves out of view.
A water moccasin and a goblin come into view.
The water moccasin hisses angrily.
There is an open door here.
You closely miss the goblin. The rat bites you but does no damage.
The goblin hits you but does no damage.
You closely miss the goblin. You block the rat's attack.
The water moccasin bites you but does no damage.
The goblin hits you but does no damage. The rat bites you but does no damage.
The water moccasin bites you.
You miss the water moccasin. The water moccasin bites you. x2
You miss the water moccasin. The water moccasin barely misses you.
You riposte.
You hit the water moccasin.
The water moccasin is moderately wounded.
You block the water moccasin's attack.
You closely miss the water moccasin.
The water moccasin is moderately wounded.
The water moccasin bites you. You block the water moccasin's attack.
You hit the water moccasin.
The water moccasin is moderately wounded.
The water moccasin bites you. The water moccasin closely misses you.
You miss the water moccasin.
The water moccasin is moderately wounded.
The water moccasin bites you but does no damage. x2
You completely miss the water moccasin.
The water moccasin is moderately wounded.
You block the water moccasin's attack.
The water moccasin bites you but does no damage.
You barely miss the water moccasin.
The water moccasin is moderately wounded.
The water moccasin bites you!
* * * LOW HITPOINT WARNING * * *
You block the water moccasin's attack.
You hit the water moccasin.
The water moccasin is heavily wounded.
The water moccasin bites you!
You die...

##########'##...........
#.?(!')))'.##......#..#.
##########.##...........
#.....†.....'...........
#+#####'#####......#..#.
#.....##...........
#####'#####'#####++
#.....##.......#
#..@..##.......#
###S####.......#
#.rgZ.##...<...#
........##.......#
#........##.......#
###########.......#
#########


You could see a water moccasin, a goblin, a rat and an adder skeleton.

Vanquished Creatures
  A bat (D)
  A bat zombie (D)
  3 jackals (D)
  A quokka (D)
  A ball python skeleton (D)
7 creatures vanquished.

Notes
Turn   | Place    | Note
-------+----------+-------------------------------------------
     0 | D        | rocky1 the Djinni Fighter began the quest for the Orb.
     0 | D        | Reached XP level 1. HP: 20/20 MP: 0/0
    22 | D        | Found a bloodstained altar of Trog.
    22 | D        | Found a viscous altar of Jiyva.
    22 | D        | Found a hazy altar of Hepliaklqana.
    22 | D        | Found an opulent altar of Gozag.
    23 | D        | Found a glowing golden altar of the Shining One.
    23 | D        | Found a glowing silver altar of Zin.
    23 | D        | Found a basalt altar of Yredelemnul.
    23 | D        | Found a shimmering altar of Xom.
    23 | D        | Found an ornate altar of the Wu Jian Council.
    23 | D        | Found a sacrificial altar of Ru.
    23 | D        | Found a stormy altar of Qazlal.
    23 | D        | Found an iron altar of Okawaru.
    23 | D        | Found a sparkling altar of Nemelex Xobeh.
    23 | D        | Found a burning altar of Makhleb.
    23 | D        | Found a blossoming altar of Fedhas.
    23 | D        | Found a white marble altar of Elyvilon.
    23 | D        | Found a shadowy altar of Dithmenos.
    23 | D        | Found a snail-covered altar of Cheibriados.
    26 | D        | Found a corrupted altar of Lugonu.
    27 | D        | Found a hide-covered altar of Uskayaw.
    27 | D        | Found a broken altar of Ashenzari.
    33 | D        | Became a worshipper of Makhleb the Destroyer
    79 | D        | Reached * piety under Makhleb
    90 | D        | Reached XP level 2. HP: 25/25 MP: 0/0
    91 | D        | Reached ** piety under Makhleb
    97 | D        | Noticed a water moccasin
   108 | D        | Slain by a water moccasin

Illustrated notes

Levels and vault maps discovered:
D:        pitsprint [storerooms_1, entrance_room_1, metal_vault_1, armoury_1,
          mini_pit_1, grid_room_1, main_hall_1, silver_pit, the_coven_2,
          the_vestibule_1, steel_vault_1, golden_pit, hallway_of_sentries,
          crystal_vault_1, iron_vault_2, final_vault]

Skill      XL: |  1 |
---------------+----+-----
Long Blades    | 3 |  3.5
Fighting       | |  3.0
Armour         | |  3.0
Shields        | |  3.8

Action                   || total
-------------------------++-------
Melee: Long sword        ||    24
Armor: Scale mail        ||    15
Dodge: Dodged            ||     5
Block: Kite shield       ||    14
       Rpst.: Long sword ||     1

Table legend: (Time is in decaauts)
 A = Elapsed time spent in this place.
 B = Non-inter-level travel time spent in this place.
 C = Inter-level travel time spent in this place.
 D = Time resting spent in this place.
 E = Time spent auto-exploring this place.
 F = Levels seen in this place.
 G = Mean time per level.
                   A        B        C        D        E       F      G
               +--------+--------+--------+--------+--------+-----+--------+
         Total |    119 |    119 |      0 |      0 |      0 |   1 |  119.0 |
       Dungeon |    119 |    119 |      0 |      0 |      0 |   1 |  119.0 |
               +--------+--------+--------+--------+--------+-----+--------+

Top non-repeatable levels by time:
       D: 119 daAuts
